 Dungeon Crawl Stone Soup version 0.25-a0-167-g836c352ace (webtiles) character file.

Game seed: 5303366967645458631, levelgen mode: deterministic

195 hittemvvvvvvvvvvhard the Chopper (level 5, -1/46 HPs)
             Began as a Hill Orc Abyssal Knight on Nov 25, 2019.
             Was a Priest of Lugonu.
             Succumbed to an orc's poison
             ... on level 2 of the Dungeon.
             The game lasted 00:09:16 (3556 turns).

hittemvvvvvvvvvvhard the Chopper (HOAK)             Turns: 3556, Time: 00:09:16

Health: -1/46      AC:  7    Str: 16    XL:     5   Next: 74%
Magic:  7/7        EV: 10    Int: 12    God:    Lugonu [***...]
Gold:   132        SH:  0    Dex: 10    Spells: 4/4 levels left

rFire    . . .     SeeInvis +   b - +0 morningstar
rCold    . . .     Gourm    .   (no shield)
rNeg     . . .     Faith    .   h - +0 ring mail
rPois    .         Spirit   .   f - +0 helmet
rElec    .         Reflect  .   m - +0 cloak
rCorr    .         Harm     .   (no gloves)
MR       .....                  (no boots)
Stlth    ..........             (no amulet)
HPRegen  0.15/turn              S - ring of see invisible
MPRegen  0.10/turn              (no ring)

@: lethally poisoned (-1 -> -23)
A: no striking features
a: Depart the Abyss, Bend Space, Banish, Renounce Religion


You were on level 2 of the Dungeon.
You worshipped Lugonu.
Lugonu was most pleased with you.
You were hungry.

You visited 1 branch of the dungeon, and saw 4 of its levels.
You visited the Abyss 1 time.

You collected 132 gold pieces.

Inventory:

Hand Weapons
 a - a +1 hand axe
 b - a +0 morningstar (weapon)
Missiles
 Q - 188 stones (quivered)
Armour
 f - a +0 helmet (worn)
 h - a +0 ring mail (worn)
 m - a +0 cloak (worn)
Jewellery
 S - a ring of see invisible (left hand)
Scrolls
 d - a scroll of identify {unknown}
 g - a scroll of remove curse {unknown}
 j - a scroll of enchant weapon {unknown}
Comestibles
 e - 4 rations


   Skills:
 - Level 4.0 Fighting
 - Level 6.1(6.4) Axes
 + Level 2.1(3.9) Maces & Flails
 - Level 2.1 Armour
 - Level 0.7 Dodging
 + Level 3.7 Invocations


You had 4 spell levels left.
You didn't know any spells.
Your spell library contained the following spells:

 Spells                   Type           Power        Failure   Level  Hunger
 Magic Dart               Conj           #...         52%         1    ##.....
 Blink                    Tloc           N/A          67%         2    ###....
 Call Imp                 Summ           #.......     67%         2    ###....
 Slow                     Hex            #.......     67%         2    ###....
 Conjure Flame            Conj/Fire      #.......     88%         3    ####...
 Mephitic Cloud           Conj/Pois/Air  #.......     88%         3    ####...


Dungeon Overview and Level Annotations

Branches:
Dungeon (4/15)
 Temple: D:4-7

Altars:
The Shining One

Annotations:
D:2 1 runed translucent door, Crazy Yiuf
Abyss:1 Jessica


Message History

* * * LOW HITPOINT WARNING * * *
You feel sick. The orc hits you but does no damage.
You are more poisoned.
You take 1 damage, and have 3/46 hp.
You feel as though your hastened speed will last longer.
* * * LOW HITPOINT WARNING * * *
You feel sick.
You take 1 damage, and have 2/46 hp.
It was a potion of brilliance.
You feel clever all of a sudden.
* * * LOW HITPOINT WARNING * * *
You feel sick. The orc closely misses you.
You take 1 damage, and have 1/46 hp.
It was a potion of cancellation.
Your magical effects are unravelling.
You feel magically purged.
You feel yourself slow down.
You float gracefully downwards.
You feel a little less clever now.
You die...

.#########..............#
......###......).......##
......##..............##
......##.#........##.##
......##.#.....)..#..######
.........#..........#.....#
..................###.....#
.............(.....##.....#
........#.....>o@.........#
.......##.........###.....#
..##...#.....#.#####......#
..........##...####.......#
....##......#..#....#.....#
.##..#.###................##
.###.#.# ####...[#####.....#
.......# #...## ####..###
##.#...# #############.#..#


You could see an orc.

Levels and vault maps discovered:
D:1:      ncdulo_halloftheorcs, layout_basic, ebering_dispersal_statue_hall,
          tso_altar
D:2:      layout_rooms, uniq_jessica, uniq_crazy_yiuf_cottage
D:3:      layout_loops_ring, first_ration, kennysheep_cross_bottleneck
D:4:      layout_basic, minmay_temple_entry_nine_rooms, roderic_lattice_a,
          uniq_grinder

Notes
Turn   | Place    | Note
-------+----------+-------------------------------------------
     0 | Abyss:1  | hittemvvvvvvvvvvhard the Hill Orc Abyssal Knight began the
                  | quest for the Orb.
     0 | Abyss:1  | Reached XP level 1. HP: 19/19 MP: 2/2
    55 | D:1      | Escaped the Abyss
   198 | D:1      | Reached skill level 3 in Axes
   214 | D:1      | Reached skill level 4 in Fighting
   214 | D:1      | Reached XP level 2. HP: 14/27 MP: 3/3
   409 | D:1      | Found a glowing golden altar of the Shining One.
   499 | D:1      | Reached ** piety under Lugonu
   693 | D:1      | Reached skill level 4 in Axes
   866 | D:1      | Reached XP level 3. HP: 33/33 MP: 4/4
  1154 | D:2      | Reached skill level 3 in Invocations
  1265 | D:2      | Noticed Jessica
  1452 | D:1      | Reached XP level 4. HP: 20/40 MP: 6/6
  1457 | D:1      | Reached skill level 5 in Axes
  2230 | D:3      | Reached skill level 6 in Axes
  2232 | D:3      | Reached XP level 5. HP: 21/46 MP: 7/7
  2249 | D:3      | HP: 8/46 [worm (9)]
  2656 | D:3      | Reached skill level 1 in Maces & Flails
  2683 | D:2      | Reached *** piety under Lugonu
  2954 | D:2      | Found a runed translucent door.
  2955 | D:2      | Noticed Crazy Yiuf
  2996 | D:2      | Banished Jessica
  3063 | D:2      | Reached skill level 2 in Maces & Flails
  3548 | D:3      | HP: 8/46 [orc priest/divine providence (16)]
  3553 | D:2      | HP: 3/46 [poisoned by an orc]
  3555 | D:2      | HP: 1/46 [poisoned by an orc]
  3556 | D:2      | Succumbed to an orc's poison

Table legend:
 A = Turns spent in this place as a percentage of turns spent in the entire game.
 B = Non-inter-level travel turns spent in this place as a percentage of non-inter-level travel turns spent in the entire game.
 C = Inter-level travel turns spent in this place as a percentage of turns spent in this place.
 D = Turns resting spent in this place as a percentage of non-inter-level travel turns spent in this place.
 E = Turns spent auto-exploring this place as a percentage of non-inter-level travel turns spent in this place.
 F = Non-inter-level travel turns spent in this place divided by the number of levels of this place that you've seen.
                   A       B       C       D       E      F
               +-------+-------+-------+-------+-------+----------------------
         Total | 100.0 | 100.0 |   3.5 |   9.3 |  69.4 | 686.0
       Dungeon |  98.5 |  98.4 |   3.6 |   9.4 |  69.1 | 843.8
         Abyss |   1.5 |   1.6 |   0.0 |   0.0 |  83.6 |  55.0
               +-------+-------+-------+-------+-------+----------------------

Table legend:
 A = Kills in this place as a percentage of kills in entire the game.
 B = Kills by you in this place as a percentage of kills by you in the entire game.
 C = Kills by friends in this place as a percentage of kills by friends in the entire game.
 D = Other kills in this place as a percentage of other kills in the entire game.
 E = Experience gained in this place as a percentage of experience gained in the entire game.
 F = Experience gained in this place divided by the number of levels of this place that you have seen.
                   A       B       C       D       E      F
               +-------+-------+-------+-------+-------+----------------------
         Total | 100.0 | 100.0 |   N/A | 100.0 | 100.0 |  55.8
       Dungeon | 100.0 | 100.0 |   N/A | 100.0 | 100.0 |  69.8
               +-------+-------+-------+-------+-------+----------------------

Skill      XL: |  1  2  3  4  5 |
---------------+----------------+-----
Axes           | 3 4 6 |  6.1
Fighting       | 4 |  4.0
Invocations    | 3 |  3.7
Maces & Flails | 2 |  2.1
Armour         | |  2.1
Dodging        | |  0.7

Action                   |  1- 3 |  4- 6 || total
-------------------------+-------+-------++-------
Melee: Hand axe          |   119 |    82 ||   201
       Morningstar       |       |   103 ||   103
Throw: Stone             |     8 |     6 ||    14
Invok: Banish            |       |     1 ||     1
  Use: Potion            |       |     5 ||     5
  Eat: Chunk             |     2 |     3 ||     5
       Ration            |       |     1 ||     1
Armor: Leather armour    |    15 |       ||    15
       Ring mail         |    41 |    88 ||   129
Dodge: Dodged            |    73 |   101 ||   174

Vanquished Creatures
  4 gnolls
  6 adders
  3 worms (D:2)
  A dart slug (D:2)
  5 leopard geckos
  5 giant cockroaches
  9 hobgoblins
  8 jackals
  A quokka (D:2)
  A ball python (D:2)
  9 bats
  2 frilled lizards
  3 goblins
  10 kobolds
  10 rats
77 creatures vanquished.
